 Dungeon Crawl Stone Soup version 0.22-a0-369-gc73351f94e (webtiles) character file.

952 Octomaniac the Martial Artist (level 8, -8/48 HPs)
             Began as an Octopode Transmuter on Apr 25, 2018.
             Was a Believer of Wu Jian.
             Mangled by an ice beast (10 damage)
             ... on level 6 of the Dungeon.
             The game lasted 00:11:37 (5526 turns).

Octomaniac the Martial Artist (Octopode Transmuter) Turns: 5526, Time: 00:11:38

Health: -8/48      AC:  1    Str: 12    XL:     8   Next: 14%
Magic:  20/20      EV: 13    Int: 15    God:    Wu Jian [**....]
Gold:   262        SH:  0    Dex: 12    Spells: 8/11 levels left

rFire    + . .     SeeInvis .   q - +1 trident of Midwinter {flame, +Blink}
rCold    . . .     Gourm    .   (no shield)
rNeg     . . .     Faith    .   (helmet restricted)
rPois    .         Spirit   .   (no amulet)
rElec    .         Reflect  .   f - ring of protection from fire
rCorr    .         Harm     .   l - ring of magical power
MR       .....                  (no ring)
Stlth    ++........             (no ring)
HPRegen  0.16/turn              (no ring)
MPRegen  0.17/turn              (no ring)
                                (no ring)
                                (no ring)

@: no status effects
A: almost no armour, stealthy swim, amphibious, 8 rings, constrict 8, camouflage
1, gelatinous body 1
a: Wall Jump, Renounce Religion, Evoke Blink


You were on level 6 of the Dungeon.
You worshipped Wu Jian.
Wu Jian was pleased with you.
You were not hungry.

You visited 1 branch of the dungeon, and saw 6 of its levels.

You collected 325 gold pieces.
You spent 63 gold pieces at shops.

Inventory:

Hand Weapons
 g - a +0 dagger of draining
 n - a +1 falchion of electrocution
 q - the +1 trident of Midwinter (weapon) {flame, +Blink}
   (You found it on level 5 of the Dungeon)

   It has been specially enchanted to burn those struck by it, causing extra
   injury to most foes and up to half again as much damage against particularly
   susceptible opponents.
   It lets you blink.
Missiles
 a - 84 arrows
Armour
 m - a +0 buckler
Jewellery
 f - a ring of protection from fire (left tentacle)
 l - a ring of magical power (right tentacle)
Wands
 k - a wand of random effects (27)
Scrolls
 b - 2 scrolls of enchant armour {unknown}
 h - 2 scrolls of teleportation
 i - 2 scrolls of remove curse
 j - a scroll of random uselessness {unknown}
 p - a scroll of blinking {unknown}
Potions
 e - 4 potions of curing
 o - a potion of mutation {unknown}
Comestibles
 c - 6 rations


   Skills:
 - Level 1.0 Fighting
 - Level 2.0 Dodging
 + Level 9.6 Unarmed Combat
 - Level 2.0 Spellcasting
 - Level 2.0 Transmutations


You had 8 spell levels left.
You knew the following spells:

 Your Spells              Type           Power        Failure   Level  Hunger
a - Beastly Appendage     Tmut           #.....       10%         1    #......
b - Sticks to Snakes      Tmut           #.......     14%         2    ###....


Dungeon Overview and Level Annotations

Branches:
Dungeon (6/15)
 Temple: D:4-7

Altars:
Gozag
Nemelex Xobeh
Okawaru
Trog
Wu Jian
Xom
Yredelemnul
Zin

Shops:
D:5 [


Innate Abilities, Weirdness & Mutations

You cannot wear most types of armour.
You are very stealthy in the water. (Stealth+)
You are amphibious.
You can wear up to eight rings at the same time.
You can use your tentacles to constrict eight enemies at once.
Your skin changes colour to match your surroundings (Stealth+).
Your rubbery body absorbs attacks. (AC +1, EV +1)


Message History

The helpless ice beast fails to defend itself.
You hit the ice beast.
You melt the ice beast.
The ice beast is moderately wounded.
You closely miss the ice beast. Your squeeze misses the ice beast.
The ice beast is moderately wounded.
The ice beast hits you. The ice beast freezes you! The ice beast hits you.
The ice beast freezes you!
You are too injured to fight recklessly!
You hit the ice beast but do no damage.
The ice beast is moderately wounded.
The ice beast hits you. The ice beast freezes you!
* * * LOW HITPOINT WARNING * * *
Okay, then.
Okay, then.
As you read the scroll labeled EFOMEYDEGH, it crumbles to dust.
The scroll dissolves into smoke.
It was a scroll of fog.
The ice beast hits you.
* * * LOW HITPOINT WARNING * * *
The ice beast freezes you!
You die...

. +...[..
#.#....$ ...$
.#.... ....
.... ..... #..#
.....
#..##......
####§..#......
##..§§§........
#...§@Y........
####§§§#.....#.
#.§§#.....#
#...##......
#...# ....#.
#.... ..#.#
#.#.## .#.#
..#.# .# #


You could see an ice beast.

Vanquished Creatures
  Grinder (D:5)
  A phantom (D:4)
  Blork the orc (D:5)
  A howler monkey (D:4)
  A bullfrog skeleton (D:4)
  5 orc wizards (D:4)
  An orc priest (D:4)
  2 worker ants
  A hound skeleton (D:4)
  3 gnolls (D:3)
  6 adders
  An ooze (D:3)
  2 worms (D:4)
  A dart slug (D:1)
  5 leopard geckos
  9 orcs (D:4)
  A ball python (D:2)
  2 giant cockroaches (D:1)
  7 goblins
  11 hobgoblins
  10 jackals
  2 quokkas
  7 bats
  4 frilled lizards
  8 kobolds
  5 rats
98 creatures vanquished.

Vanquished Creatures (collateral kills)
  2 ogres
2 creatures vanquished.

Grand Total: 100 creatures vanquished

Notes
Turn   | Place    | Note
-------+----------+-------------------------------------------
     0 | D:1      | Octomaniac the Octopode Transmuter began the quest for the Orb.
     0 | D:1      | Reached XP level 1. HP: 13/13 MP: 3/3
    95 | D:1      | Reached XP level 2. HP: 18/18 MP: 5/5
   131 | D:1      | Learned a level 2 spell: Sticks to Snakes
   395 | D:1      | Reached skill level 4 in Unarmed Combat
   626 | D:1      | Reached XP level 3. HP: 21/23 MP: 6/6
  1172 | D:2      | Found a shimmering altar of Xom.
  1274 | D:2      | Found an ornate altar of the Wu Jian Council.
  1275 | D:2      | Found a basalt altar of Yredelemnul.
  1347 | D:2      | Reached XP level 4. HP: 27/28 MP: 7/7
  1484 | D:2      | Found an opulent altar of Gozag.
  1692 | D:2      | Became a worshipper of the Wu Jian Council
  1748 | D:3      | Reached skill level 5 in Unarmed Combat
  1761 | D:3      | Found an iron altar of Okawaru.
  1868 | D:3      | Found a faded altar of an unknown god.
  2211 | D:3      | Reached * piety under Wu Jian
  2231 | D:3      | Reached XP level 5. HP: 7/33 MP: 8/8
  2812 | D:4      | Reached skill level 6 in Unarmed Combat
  3039 | D:4      | Reached XP level 6. HP: 14/38 MP: 9/9
  3348 | D:4      | Noticed a phantom
  3379 | D:4      | Killed a phantom
  3379 | D:4      | Reached skill level 7 in Unarmed Combat
  3650 | D:4      | Reached XP level 7. HP: 32/43 MP: 10/10
  3795 | D:4      | Found a sparkling altar of Nemelex Xobeh.
  4061 | D:4      | Reached skill level 8 in Unarmed Combat
  4072 | D:4      | Reached ** piety under Wu Jian
  4336 | D:5      | Entered Level 5 of the Dungeon
  4376 | D:5      | Noticed Grinder
  4381 | D:5      | Paralysed by Grinder for 2 turns
  4389 | D:5      | Killed Grinder
  4389 | D:5      | Reached skill level 9 in Unarmed Combat
  4696 | D:5      | Found Wehofeb's Armour Shop.
  4726 | D:5      | Bought a +0 buckler for 63 gold pieces
  4743 | D:5      | Reached XP level 8. HP: 48/48 MP: 7/11
  4752 | D:5      | Found a glowing silver altar of Zin.
  5305 | D:5      | Found a bloodstained altar of Trog.
  5348 | D:5      | Noticed Blork the orc
  5364 | D:5      | Got a brightly glowing trident
  5365 | D:5      | Identified the cursed +1 trident of Midwinter {flame, +Blink} (You found it on level 5 of the Dungeon)
  5372 | D:5      | Killed Blork the orc
  5526 | D:6      | HP: 2/48 [ice beast (4)]
  5526 | D:6      | Mangled by an ice beast

Vault maps used:
D:1:      dpeg_arrival_rooms_a, st_stairs_7
D:2:      marbit_many_paths, gammafunk_temple_overflow_pools, xom_teletrap_fun,
          minmay_stone_trees_small, grunt_decor_clamped, hangedman_glass_teeth,
          minmay_misc_feat_doors
D:3:      okawaru_ov_weapons_minmay, serial_glass, glass_columns_a,
          glass_columns_a, chequers_ecumenical_altar_simple
D:4:      first_ration, st_stairs_5, nemelex_diamond_rough_becter
D:5:      lemuel_round_altar, lemuel_doored_altar, serial_shops, shop_coins,
          minmay_misc_feat_roman, uniq_grinder, uniq_blork_the_orc
D:6:      lemuel_crystal_altar

Skill      XL: |  1  2  3  4  5  6  7 |
---------------+----------------------+-----
Unarmed Combat | 4 5 6 7 9 |  9.6
Fighting       | |  1.0
Dodging        | |  2.0
Spellcasting   | |  2.0
Transmutations | |  2.0

Action                   |  1- 3 |  4- 6 |  7- 9 || total
-------------------------+-------+-------+-------++-------
Melee: Unarmed           |    81 |   124 |    50 ||   255
       Tentacles         |    15 |    16 |     9 ||    40
       Constrict         |    22 |    24 |    14 ||    60
       Punch             |     2 |     2 |     1 ||     5
       Dagger            |       |     5 |       ||     5
       Falchion          |       |       |     4 ||     4
       Trident           |       |       |    12 ||    12
 Cast: Sticks to Snakes  |       |       |     7 ||     7
Invok: Lunge             |       |    18 |     6 ||    24
       Whirlwind         |       |     1 |       ||     1
  Use: Scroll            |       |     4 |     2 ||     6
       Potion            |       |     1 |     1 ||     2
 Stab: Sleeping          |     5 |    12 |     5 ||    22
  Eat: Chunk             |     1 |     7 |     4 ||    12
       Ration            |       |       |     1 ||     1
Armor: Skin              |     9 |     7 |     3 ||    19
Dodge: Dodged            |    58 |    47 |    25 ||   130
       Rpst.: Falchion   |       |       |     1 ||     1

Table legend:
 A = Spawn XP
 B = Non-spawn XP
 C = Spawn XP percentage of total XP
 D = Spawn monster count
 E = Non-spawn monster count
 F = Spawn count percentage of total count
 G = Total turns spent on level
                    A         B        C        D         E        F      G
               +---------+---------+-------+---------+---------+-------+---------
         Total |       0 |    1361 |   0.0 |       0 |     100 |   0.0 |  5526
               +---------+---------+-------+---------+---------+-------+---------
           D:1 |       0 |      47 |   0.0 |       0 |      25 |   0.0 |   995
           D:2 |       0 |      40 |   0.0 |       0 |      10 |   0.0 |   720
           D:3 |       0 |     131 |   0.0 |       0 |      33 |   0.0 |  1093
           D:4 |       0 |     613 |   0.0 |       0 |      26 |   0.0 |  1528
           D:5 |       0 |     517 |   0.0 |       0 |       5 |   0.0 |  1120
           D:6 |       0 |      13 |   0.0 |       0 |       1 |   0.0 |    70
               +---------+---------+-------+---------+---------+-------+---------
